 Dungeon Crawl Stone Soup version 0.17-a0-1382-gc46a074 (webtiles) character file.

46 ololoev the Cudgeler (level 3, 0/33 HPs)
             Began as an Ogre Arcane Marksman on June 15, 2015.
             Killed from afar by Natasha (5 damage)
             ... with a magic dart
             ... on level 2 of the Dungeon.
             The game lasted 00:02:19 (1099 turns).

ololoev the Cudgeler (Ogre Arcane Marksman)         Turns: 1099, Time: 00:02:19

Health: 0/33       AC:  3    Str: 17    XL:     3   Next: 68%
Magic:  4/4        EV: 10    Int: 12    God:
Gold:   40         SH:  0    Dex:  9    Spells: 1 memorised, 3 levels left

rFire  . . .     SeeInvis .     g - +0 mace
rCold  . . .     Clarity  .     c - +0 robe
rNeg   . . .     SustAt   .     (no shield)
rPois  .         Gourm    .     (helmet restricted)
rElec  .         Spirit   .     (no cloak)
rCorr  .         Warding  .     (gloves unavailable)
rMut   +         Stasis   .     (boots unavailable)
MR     .....                    n - amulet of resist mutation
Stlth  +.........               (no ring)
                                (no ring)

@: lethally poisoned (0 -> -3), not resistant to hostile enchantments, very
unstealthy
A: unfitting armour, tough skin 1
a: no special abilities


Innate Abilities, Weirdness & Mutations

You are too large for most types of armour.
You have tough skin (AC +1).

Inventory:

Hand weapons
 g - a +0 mace (weapon)
Missiles
 a - 4 large rocks (quivered)
 b - 2 throwing nets
Armour
 c - a +0 robe (worn)
Jewellery
 n - an amulet of resist mutation (around neck)
Scrolls
 k - a scroll of immolation {unknown}
 o - a scroll of amnesia {unknown}
 q - 2 scrolls of identify {unknown}
Potions
 f - a potion of haste {unknown}
 j - a potion of curing {unknown}
 m - a potion of invisibility {unknown}
Books
 d - a book of Debilitation

   Spells                             Type                      Level
   a - Corona                         Hexes                        1
   b - Slow                           Hexes                        2
   c - Gell's Gravitas                Hexes/Translocation          3
   d - Inner Flame                    Hexes/Fire                   3
   e - Cause Fear                     Hexes                        4
   f - Leda's Liquefaction            Hexes/Earth                  4
Comestibles
 e - 3 bread rations
 h - a meat ration
 p - 2 beef jerkies


   Skills:
 - Level 1.3 Fighting
 * Level 3.2 Maces & Flails
 + Level 3.1 Throwing
 - Level 1.7 Dodging
 - Level 1.2 Spellcasting
 - Level 2.1 Hexes


You had 3 spell levels left.
You knew the following spells:

 Your Spells              Type           Power        Failure   Level  Hunger
a - Corona                Hex            #......      14%         1    ##.....


You were on level 2 of the Dungeon.
You were hungry.

You visited 1 branch of the dungeon, and saw 2 of its levels.

You collected 40 gold pieces.

# .. ##..# # #. ....#
#### #.###.##.# ...##
..#.. #.. ....# #.#.#
### ...†# #...# . ...##
###..# ... .###
###.(..####.....
...######...##.5@hg§....
##.....##.########5.....
#.........# .....
#........## ....
#........# ###
#.........# ........#...
#.......##### #........

Notes
Turn   | Place    | Note
--------------------------------------------------------------
     0 | D:1      | ololoev the Ogre Arcane Marksman began the quest for the Orb.
     0 | D:1      | Reached XP level 1. HP: 19/19 MP: 2/2
   145 | D:1      | Reached skill level 1 in Maces & Flails
   466 | D:2      | Noticed Natasha
   488 | D:1      | Reached XP level 2. HP: 15/27 MP: 3/3
   626 | D:2      | Killed Natasha
   626 | D:2      | Reached skill level 3 in Maces & Flails
   626 | D:2      | Reached XP level 3. HP: 28/33 MP: 4/4
   737 | D:2      | Found a shimmering altar of Xom.
   738 | D:2      | Found a shimmering altar of Xom.
   738 | D:2      | Found a shimmering altar of Xom.
   739 | D:2      | Found a shimmering altar of Xom.
   740 | D:2      | Found a shimmering altar of Xom.
   741 | D:2      | Found a shimmering altar of Xom.
   741 | D:2      | Found a shimmering altar of Xom.
   742 | D:2      | Found a shimmering altar of Xom.
   764 | D:2      | Noticed Natasha
  1099 | D:2      | Killed from afar by Natasha

Dungeon Overview and Level Annotations

Branches:
Dungeon (2/15)

Altars:
Xom

Annotations:
D:2 Natasha


Message History

The adder barely misses you.
You are too injured to fight recklessly!
You are too injured to fight recklessly!
You are too injured to fight recklessly!
You are too injured to fight recklessly!
You are too injured to fight recklessly!
You are too injured to fight recklessly!
You are too injured to fight recklessly!
You are too injured to fight recklessly!
You are too injured to fight recklessly!
You are too injured to fight recklessly!
You are too injured to fight recklessly!
You are too injured to fight recklessly!
You are too injured to fight recklessly!
You are too injured to fight recklessly!
You are too injured to fight recklessly!
You are too injured to fight recklessly!
You are too injured to fight recklessly!
You are too injured to fight recklessly!
You are too injured to fight recklessly!
You are too injured to fight recklessly!
You are too injured to fight recklessly!
You are too injured to fight recklessly!
You are too injured to fight recklessly!
You are too injured to fight recklessly!
You hit the adder.
You kill the adder!
You feel sick.
The hobgoblin throws a stone.
The stone hits you but does no damage.
The crimson imp shouts, "Quit, thou tottering fob-snatching vulture!"
Natasha zaps a wand.
The magic dart hits you!
You hit Natasha but do no damage.
The crimson imp laughs crazily.
Natasha zaps a wand.
The magic dart hits you!
You hit Natasha.
Natasha is moderately wounded.
You feel sick.
The crimson imp blinks!
Natasha stares at you and mumbles some strange words.
The magic dart hits you!
You die...

You could see Natasha, 2 crimson imps and a hobgoblin.

Vanquished Creatures
  Natasha (D:2)
  An adder (D:2)
  2 goblins (D:1)
  3 hobgoblins
  3 bats (D:2)
  A giant newt (D:1)
  2 kobolds (D:1)
  3 rats
16 creatures vanquished.

Action                   || total
-------------------------++-------
Melee: Mace              ||    68
  Use: Scroll            ||     2

Vault maps used:
D:1:      lightli_iron_boxes
D:2:      xom_redecorated, uniq_natasha
